AoeStats
← Random

Nomad

507845309Analyzed
4v4 RM · 13d ago on Sep 19, 2026· 42m 49s· 8 players
Game mode
Random Map
Map size
231×231
Population
200
Speed
Normal
Resources
Standard
Victory
Conquest
Starting age
Dark Age
Ending age
Imperial Age
RankedLock teamsTeams togetherTeam positionsShared explorationLock speedFull tech treeHidden civsTurbo modeCheats
Victory
Defeat
🇨🇳 Mongols · China
1736
+9
🇺🇸 Dravidians · United States
1673
+11
🇧🇷 Vikings · Brazil
1502
+18
🇨🇴 Maya · Colombia
1443
+22
🇺🇸 Turks · United States
1617
-17
🇺🇸 Jurchens · United States
1556
-15
🇨🇳 Malay · China
1543
-14
🇺🇸 Vietnamese · United States
1533
-14
The Daunting Knight
8:15 Loom
13:39 Feudal Age
16:57 Fishing Lines
19:32 Castle Age
17:43 Gold Mining
18:02 Stone Mining
18:05 Double-Bit Axe
20:51 Castle Age
23:36 Stone Shaft Mining
25:22 Fletching
25:32 Padded Archer Armor
26:34 Bow Saw
32:17 Bodkin Arrow
38:14 Ballistics
39:01 Wheelbarrow
YOGRANNYCANTSCRAP
4:16 Loom
15:33 Feudal Age
16:05 Double-Bit Axe
16:04 Fishing Lines
19:56 Castle Age
20:33 Bloodlines
20:59 Medium Warships
21:36 Scale Barding Armor
23:57 Chain Barding Armor
25:02 Forging
26:41 Bow Saw
30:49 Careening
32:01 Clinker Construction
34:40 Wheelbarrow
35:26 Husbandry
39:11 Imperial Age
38:12 Town Watch
39:35 Iron Casting
40:32 Plate Barding Armor
Random
12:23 Feudal Age
17:42 Castle Age
17:40 Double-Bit Axe
18:37 Medium Warships
18:39 Forging
18:59 Bow Saw
19:09 Horse Collar
21:34 Heavy Plow
23:03 Loom
23:54 Wheelbarrow
23:05 Town Watch
23:34 Scale Mail Armor
23:46 Fishing Lines
25:01 Chain Mail Armor
25:37 Chain Mail Armor
25:57 Iron Casting
25:45 Squires
26:49 Squires
28:57 Arson
29:44 Gold Mining
30:14 Hand Cart
30:02 Town Patrol
_LT_A. EAT
8:24 Loom
13:27 Feudal Age
17:11 Fletching
20:40 Castle Age
20:51 Medium Warships
26:05 Wheelbarrow
27:02 Town Watch
27:04 Loom
28:21 Hand Cart
30:38 Bodkin Arrow
33:33 Elite Skirmisher
36:59 Imperial Age
34:58 Padded Archer Armor
36:20 Leather Archer Armor
38:33 Conscription
38:20 Double-Bit Axe
38:39 Imperial Skirmisher
40:02 Bracer
41:38 Chemistry
41:22 Bow Saw
42:33 Ring Archer Armor
43:00 Ballistics
[Tunjos]Acordeon
10:08 Loom
12:00 Feudal Age
12:31 Double-Bit Axe
13:21 Gold Mining
13:30 Loom
17:29 Forging
17:25 Scale Mail Armor
19:01 Forging
20:38 Horse Collar
23:21 Castle Age
24:18 Eagle Warrior
25:51 Town Watch
28:25 Wheelbarrow
30:00 Chain Mail Armor
32:55 Iron Casting
34:45 Medium Warships
38:39 Stone Mining
39:00 Squires
38:46 Arson
40:22 Hand Cart
42:06 Town Patrol
JunkDogJoe
7:12 Loom
12:38 Feudal Age
13:06 Double-Bit Axe
14:33 Fletching
21:08 Castle Age
20:31 Fishing Lines
21:17 Gold Mining
22:05 Medium Warships
21:51 Bodkin Arrow
23:02 Bow Saw
24:29 Horse Collar
26:42 Wheelbarrow
26:25 Medium Warships
28:36 Clinker Construction
29:26 Ballistics
29:04 Elite Skirmisher
30:13 Padded Archer Armor
33:01 Leather Archer Armor
35:19 Imperial Age
35:52 Scale Mail Armor
37:04 Chemistry
36:15 Bracer
38:27 Pikeman
39:20 Halberdier
40:23 Stone Mining
40:42 Heavy Plow
43:12 Ring Archer Armor
GAX | Schena
4:09 Loom
13:16 Feudal Age
18:38 Castle Age
17:04 Fishing Lines
17:47 Stone Mining
19:41 Fletching
21:08 Double-Bit Axe
22:03 Crossbowman
25:11 Bodkin Arrow
27:13 Ballistics
28:06 Padded Archer Armor
34:56 Imperial Age
32:14 Town Watch
32:39 Gold Mining
34:27 Leather Archer Armor
39:56 Forging
39:47 Scale Mail Armor
42:09 Chemistry
42:39 Chain Mail Armor
42:59 Iron Casting
42:47 Horse Collar
tim.13
5:49 Loom
13:39 Feudal Age
17:25 Castle Age
16:06 Double-Bit Axe
16:46 Fishing Lines
18:48 Wheelbarrow
18:57 Bow Saw
19:34 Stone Mining
20:02 Stone Mining
21:18 Stone Shaft Mining
21:48 Gold Mining
21:43 Horse Collar
22:13 Gillnets
25:38 Gold Shaft Mining
25:52 Fletching
26:31 Bodkin Arrow
26:38 Padded Archer Armor
27:11 Ballistics
31:51 Imperial Age
30:51 Leather Archer Armor
31:05 Bloodlines
30:55 Husbandry
31:30 Thumb Ring
31:53 Town Watch
32:23 Hand Cart
32:35 Bracer
32:56 Conscription
33:41 Chemistry
33:54 Elite Mangudai
36:23 Parthian Tactics
36:41 Capped Ram
38:02 Siege Engineers
37:55 Siege Ram
42:19 Drill
Connection lost

Rejoining the realm…

Still unreachable

The connection could not be restored.

Session expired

The server has moved on; the page needs a fresh start.